 Dungeon Crawl Stone Soup version 0.26.1-11-gd32895ea62 (webtiles) character file.

Game seed: 16609712105697624610

3542 sankara the Destroyer (level 9, -3/67 (70) HPs)
             Began as a White Draconian Conjurer on May 23, 2021.
             Was an Initiate of Gozag.
             Slain by Harold
             ... wielding a +0 long sword
              (7 damage)
             ... on level 8 of the Dungeon on May 26, 2021.
             The game lasted 00:40:02 (11431 turns).

sankara the Destroyer (White Draconian Conjurer)   Turns: 11431, Time: 00:40:02

HP:   -3/67 (70)    AC:  8    Str: 11    XL:     9   Next: 82%
MP:   15/15         EV: 14    Int: 21    God:    Gozag
Gold: 1207          SH:  0    Dex: 15    Spells: 2/16 levels left

rFire    + . .     SeeInvis .   a - +1 dagger (speed)
rCold    + . .     Faith    .   (no shield)
rNeg     . . .     Spirit   .   (armour unavailable)
rPois    .         Reflect  .   (helmet restricted)
rElec    .         Harm     .   (no cloak)
rCorr    .         Rampage  .   (no gloves)
Will     .....                  w - +0 pair of boots
Stlth    +++.......             v - amulet of regeneration
HPRegen  0.61/turn              s - ring of protection from fire
MPRegen  0.14/turn              p - +6 ring of dexterity

@: lightly drained
A: breathe frost, unfitting armour, cold resistance 1, cold-blooded, AC +7
a: Breathe Frost, Renounce Religion, Potion Petition, Call Merchant, Bribe
Branch


You were on level 8 of the Dungeon.
You worshipped Gozag.
Gozag was most pleased with you.
You visited 2 branches of the dungeon, and saw 9 of its levels.

You collected 1283 gold pieces.
You paid 76 gold pieces to Gozag.

Inventory:

Hand Weapons
 a - a +1 dagger of speed (weapon)
 b - a +0 hunting sling
 E - a +1 whip of venom
 G - a +1 whip of holy wrath
 N - a +1 falchion of flaming
 O - a +0 dagger
 Z - a +3 short sword
Missiles
 m - 164 stones
 r - 13 poisoned darts
 y - 66 sling bullets
 C - 3 throwing nets
 I - 9 boomerangs
Armour
 w - a +0 pair of boots (worn)
 P - a +0 pair of gloves
 Q - a +0 kite shield
Magical Staves
 U - an uncursed staff of death {unknown}
Jewellery
 f - an uncursed ring of see invisible
 p - a +6 ring of dexterity (right hand)
 s - a ring of protection from fire (left hand)
 v - an amulet of regeneration (around neck)
 K - an uncursed ring of flight
 L - a +4 ring of protection
 V - the macabre finger necklace {rN+}
   (You found it on level 7 of the Dungeon)

   [amulet of nothing]

   It protects you from negative energy.
 W - an uncursed ring of stealth {unknown}
Wands
 z - a wand of disintegration (27)
 H - a wand of flame (23)
 S - a wand of enslavement (10)
 Y - a wand of digging (8)
Scrolls
 d - 9 scrolls of identify {unknown}
 i - 4 scrolls of enchant armour {unknown}
 l - 5 scrolls of teleportation {unknown}
 n - 2 scrolls of random uselessness {unknown}
 u - 2 scrolls of blinking {unknown}
 B - 5 scrolls of amnesia {unknown}
 D - 6 scrolls of remove curse {unknown}
 J - 2 scrolls of fear {unknown}
 M - a scroll of immolation {unknown}
 R - 2 scrolls of magic mapping {unknown}
 X - a scroll of enchant weapon {unknown}
Potions
 c - 3 potions of flight {unknown}
 e - a potion of mutation {unknown}
 g - 2 potions of brilliance {unknown}
 h - 5 potions of attraction {unknown}
 j - a potion of lignification {unknown}
 k - 2 potions of berserk rage {unknown}
 o - a potion of resistance
 q - 3 potions of curing
 t - 2 potions of haste {unknown}
 x - a potion of might {unknown}
 A - a potion of heal wounds {unknown}
 F - a potion of magic {unknown}
 T - a potion of degeneration {unknown}


   Skills:
 + Level 3.4 Fighting
 + Level 4.2 Dodging
 + Level 4.5 Stealth
 - Level 4.0 Spellcasting
 + Level 10.4 Conjurations
 - Level 4.0 Hexes
 - Level 3.0 Translocations
 - Level 3.0 Evocations


You had 2 spell levels left.
You knew the following spells:

 Your Spells              Type           Power        Failure   Level
a - Magic Dart            Conj           100%         1%          1
b - Searing Ray           Conj           96%          1%          2
c - Dazzling Flash        Conj/Hex       68%          1%          3
d - Fulminant Prism       Conj/Hex       17%          6%          4
e - Iskenderun's Mystic   Conj/Tloc      32%          8%          4

Your spell library contained the following spells:

 Spells                   Type           Power        Failure   Level
 Beastly Appendage        Tmut           8%           12%         1
 Wereblood                Tmut           4%           19%         2
 Spider Form              Tmut/Pois      2%           34%         3
 Ice Form                 Ice/Tmut       4%           75%         4
 Blade Hands              Tmut           2%           97%         5


Dungeon Overview and Level Annotations

Branches:
Dungeon (8/15)             Temple (1/1) D:4
   Lair: D:8-11

Altars:
Ashenzari
Cheibriados
Dithmenos
Elyvilon
Fedhas
Gozag
Hepliaklqana
Kikubaaqudgha
Makhleb
Nemelex Xobeh
Okawaru
Qazlal
Ru
Sif Muna
Trog
Uskayaw
Vehumet
Wu Jian
Xom
Yredelemnul
Zin

Annotations:
D:8 Harold, Joseph


Innate Abilities, Weirdness & Mutations

You can breathe waves of freezing cold.
You can buffet flying creatures when you breathe cold.
Your icy white scales are hard. (AC +7)
You cannot fit into any form of body armour.
Your flesh is cold resistant. (rC+)
You are cold-blooded and may be slowed by cold attacks.


Message History

The harpoon shot hits you!
You stop ascending the stairs.
You are yanked forward by the harpoon shot.
An orc comes into view. It is wielding a +0 short sword.
Joseph shouts!
Harold hits you with a +0 long sword!
Joseph zaps a wand.
You are blasted!
The orc misses you.
Joseph zaps a wand.
You are blasted!
* * * LOW HITPOINT WARNING * * *
An orc priest comes into view. It is wielding a +0 mace.
The wight barely misses you.
Joseph unwields a +1 vorpal quarterstaff.
Joseph wields a +0 hunting sling.
Joseph shoots a sling bullet.
The sling bullet hits you.
* * * LOW HITPOINT WARNING * * *
The orc hits you but does no damage.
There is a stone staircase leading up, spattered with blood here.
You see here a sling bullet.
The orc hits you but does no damage. Harold hits you with a +0 long sword!
You die...
Your body crumbles into a pile of gold.

...... #.... ....#
#..####.# .#.##.###
#[....... .........
#[>.####. <####.###
#...# ......# #...#
####### #...# #
#######...####.##
#.###..o@[[.........#
..o?[..z@o..........#
#.###........@......#
#######...#######
#.......# #.......#
#.......# ###...###
... #.# #...#


You could see Harold, Joseph, a wight, an orc priest (wandering) and 2 orcs.

Vanquished Creatures
  Grinder (D:3)
  Sigmund (D:2)
  A wyvern (D:8)
  A soldier ant (D:8)
  4 sky beasts
  A necrophage (D:7)
  An ogre (D:6)
  A centaur (D:5)
  A wolf (D:5)
  A bullfrog (D:6)
  3 gnoll sergeants
  A scorpion (D:7)
  4 wights (D:8)
  A centaur zombie (D:7)
  5 hounds
  3 jellies
  6 orc priests
  8 orc wizards
  2 bullfrog skeletons
  4 gnoll shamans
  5 iguanas
  Terence (D:3)
  2 worker ants
  11 adders
  48 gnolls
  2 shadow imps (D:5)
  A white imp (D:8)
  An adder zombie (D:6)
  A worm (D:3)
  5 dart slugs
  5 leopard geckos
  24 orcs
  3 giant cockroaches
  7 goblins
  13 hobgoblins
  23 jackals
  3 quokkas
  8 bats
  4 frilled lizards
  A jackal skeleton (D:8)
  4 kobolds
  A quokka zombie (D:5)
  6 rats
229 creatures vanquished.

Vanquished Creatures (others)
  20 fulminant prisms
  10 plants
30 creatures vanquished.

Grand Total: 259 creatures vanquished

Notes
Turn   | Place    | Note
-------+----------+-------------------------------------------
     0 | D:1      | sankara the Draconian Conjurer began the quest for the Orb.
     0 | D:1      | Reached XP level 1. HP: 14/14 MP: 3/3
   443 | D:1      | Reached XP level 2. HP: 20/20 MP: 3/5
  1229 | D:2      | Learned a level 2 spell: Searing Ray
  1585 | D:2      | Reached XP level 3. HP: 26/26 MP: 1/7
  1999 | D:2      | Noticed Sigmund
  2016 | D:2      | Killed Sigmund
  2017 | D:2      | Reached skill level 5 in Conjurations
  2017 | D:2      | Reached XP level 4. HP: 24/33 MP: 2/10
  2017 | D:2      | Reached XP level 5. HP: 27/38 MP: 2/11
  2384 | D:2      | Learned a level 3 spell: Dazzling Flash
  2527 | D:3      | Noticed Grinder
  2844 | D:3      | Killed Grinder
  2845 | D:3      | Reached skill level 6 in Conjurations
  2845 | D:3      | Reached skill level 1 in Hexes
  2845 | D:3      | Reached XP level 6. HP: 45/45 MP: 3/12
  2983 | D:3      | Learned a level 4 spell: Fulminant Prism
  3463 | D:3      | Found a white marble altar of Elyvilon.
  3562 | D:3      | Noticed Terence
  3566 | D:3      | Killed Terence
  3567 | D:3      | Your scales start taking on an icy white colour.
  3567 | D:3      | Reached XP level 7. HP: 50/50 MP: 8/13
  3567 | D:3      | Gained mutation: Your flesh is cold resistant. (rC+) [White
                  | Draconian growth]
  3877 | D:3      | Found an iron altar of Okawaru.
  3882 | D:3      | Found a blossoming altar of Fedhas.
  3885 | D:3      | Found a hide-covered altar of Uskayaw.
  4969 | D:4      | Found a staircase to the Ecumenical Temple.
  4979 | Temple   | Entered the Ecumenical Temple
  5319 | Temple   | Became a worshipper of Gozag Ym Sagoz the Greedy
  6205 | D:4      | Reached skill level 7 in Conjurations
  6779 | D:4      | Reached XP level 8. HP: 57/57 MP: 1/14
  6925 | D:4      | Reached skill level 8 in Conjurations
  7298 | D:5      | Entered Level 5 of the Dungeon
  7695 | D:5      | Reached skill level 9 in Conjurations
  7889 | D:5      | Learned a level 4 spell: Iskenderun's Mystic Blast
  7987 | D:5      | Reached skill level 1 in Translocations
  8216 | D:5      | Reached XP level 9. HP: 62/62 MP: 0/15
  9324 | D:6      | Reached skill level 1 in Fighting
  9510 | D:6      | Reached skill level 10 in Conjurations
  9510 | D:6      | Reached skill level 1 in Evocations
 10434 | D:7      | Found the macabre finger necklace {rN+}
 11237 | D:8      | Noticed Harold
 11269 | D:8      | Paralysed by a wight for 6 turns
 11419 | D:8      | Noticed Joseph
 11431 | D:8      | Slain by Harold

Illustrated notes

Levels and vault maps discovered:
D:1:      ncdulo_halloftheorcs, layout_basic
D:2:      layout_loops_corners, uniq_sigmund
D:3:      layout_loops_ring, elyvilon_altar_3, grunt_temple_overflow_diamond,
          uniq_terence, uniq_grinder
D:4:      lemuel_castle_with_subvaults [lemuel_castle_interior_carwin_1],
          layout_loops_corners, temple_hall
D:5:      layout_cave_pools, serial_gnoll_camp, gnoll_camp_mini_basic,
          gnoll_camp_mini_loothouse, gnoll_camp_mini_sergeant,
          gnoll_camp_mini_basic, chequers_big_river
D:6:      layout_loops_ring
D:7:      layout_basic
D:8:      layout_loops_cross, uniq_harold, uniq_grum, uniq_joseph
Temple:   minmay_temple_bridge_d

Skill      XL: |  1  2  3  4  5  6  7  8  9 |
---------------+----------------------------+-----
Spellcasting   | 4 |  4.0
Conjurations   | 5 6 7 9 10 | 10.4
Stealth        | 2 3 4 |  4.5
Dodging        | 2 3 4 |  4.2
Hexes          | 1 3 4 |  4.0
Translocations | 2 3 |  3.0
Fighting       | 3 |  3.4
Evocations     | 3 |  3.0

Action                   |  1- 3 |  4- 6 |  7- 9 || total
-------------------------+-------+-------+-------++-------
Melee: Whip              |     2 |     5 |       ||     7
       Dagger            |       |     1 |    74 ||    75
       Tailslap          |       |     1 |    12 ||    13
 Fire: Hunting sling     |       |       |     8 ||     8
 Cast: Magic Dart        |    54 |    52 |   167 ||   273
       Searing Ray       |     4 |    11 |    78 ||    93
       Fulminant Prism   |       |       |    20 ||    20
       Dazzling Flash    |       |       |     2 ||     2
 Stab: Sleeping          |       |       |     5 ||     5
Armor: Skin              |     1 |     2 |    56 ||    59
Dodge: Dodged            |     6 |    10 |   126 ||   142
